 Dungeon Crawl Stone Soup version 0.29-a0-362-g5854e031c7 (webtiles) character file.

Game seed: 7203135960469888593

42 Artihs the Caller (level 3, -1/14 HPs)
             Began as a Felid Summoner on Apr 28, 2022.
             Was a Follower of Wu Jian.
             Slain by a gnoll
             ... wielding a +0 spear
              (7 damage)
             ... on level 2 of the Dungeon.
             The game lasted 00:20:32 (1870 turns).

Artihs the Caller (Felid Summoner)                  Turns: 1870, Time: 00:20:33

Health: -1/14      AC:  1    Str:  4    XL:     3   Next: 33%
Magic:  1/7        EV: 17    Int: 18    God:    Wu Jian [*.....]
Gold:   57         SH:  0    Dex: 16    Spells: 4/7 levels left
                                        Lives:  0   Deaths: 0

rFire   . . .      SeeInvis +   (weapon unavailable)
rCold   . . .      Faith    .   (shield unavailable)
rNeg    . . .      Spirit   .   (body armour unavailable)
rPois   .          Reflect  .   (helmet unavailable)
rElec   .          Harm     .   (cloak unavailable)
rCorr   .          Rampage  .   (gloves unavailable)
Will    .....                   (boots unavailable)
Stlth   ++........              (no amulet)
HPRegen 0.04/turn               (no ring)
MPRegen 0.10/turn               (no ring)

@: quick
A: very small, claws 1, fangs 3, see invisible, speed 1, shaggy fur 1, stealthy
paws, no weapons or thrown items, no armour, multi-lived
a: Renounce Religion


You were on level 2 of the Dungeon.
You worshipped Wu Jian.
Wu Jian was aware of your devotion.
You visited 1 branch of the dungeon, and saw 2 of its levels.

You collected 57 gold pieces.

Inventory:

Hand Weapons
 c - a +0 dagger
 d - a +0 short sword
 g - a +0 dagger
 h - a +0 dagger
 o - a +0 club
 q - a +0 war axe
 u - a +0 dagger
Missiles
 b - 38 stones
 i - 2 poisoned darts
Armour
 f - a +0 robe
 k - a +0 robe
 n - a +0 ring mail
 p - a +0 plate armour
Scrolls
 e - 2 scrolls of identify {unknown}
 l - a scroll of enchant weapon {unknown}
 m - a scroll of teleportation {unknown}
 s - a scroll of noise {unknown}
Potions
 a - a potion of magic
 j - a potion of flight {unknown}
 r - a potion of curing {unknown}
 t - a potion of attraction {unknown}


   Skills:
 + Level 2.7 Dodging
 + Level 2.9 Stealth
 + Level 0.4 Unarmed Combat
 + Level 2.6 Spellcasting
 + Level 4.6 Summonings


You had 4 spell levels left.
You knew the following spells:

 Your Spells              Type           Power      Damage    Failure   Level
a - Summon Small Mammal   Summ           76%        N/A       2%          1
b - Call Imp              Summ           19%        N/A       3%          2

Your spell library contained the following spells:

 Spells                   Type           Power      Damage    Failure   Level
 Call Canine Familiar     Summ           19%        N/A       8%          3
 Summon Guardian Golem    Hex/Summ       10%        N/A       21%         3
 Confusing Touch          Hex            2%         N/A       45%         3
 Summon Lightning Spire   Summ/Air       10%        N/A       54%         4
 Yara's Violent Unravell  Hex/Tmut       1%         3d3       99%         5
 Enfeeble                 Hex            1%         N/A       100%        7
 Borgnjor's Revivificati  Necr           1%         N/A       100%        8
 Necromutation            Tmut/Necr      1%         N/A       100%        8
 Death's Door             Necr           1%         N/A       100%        9


Dungeon Overview and Level Annotations

Branches:
Dungeon (2/15)

Altars:
Wu Jian


Innate Abilities, Weirdness & Mutations

You have sharp claws.
You have razor-sharp teeth.
You have supernaturally acute eyesight. (SInv)
You cover ground quickly. (Speed+)
You are covered in fur. (AC +1)
Your paws help you pounce on unaware monsters.
You are incapable of wielding weapons or throwing items.
You cannot wear armour.
You gain extra lives every three experience levels.


Message History

You are too injured to fight recklessly!
You are too injured to fight recklessly!
You are too injured to fight recklessly!
Casting: Summon Small Mammal (safe; 2% risk of failure)
Confirm with . or Enter, or press ? or * to list all spells.
You feel sick.
You are no longer poisoned.
Your bat hits the gnoll.
Your bat barely misses the gnoll.
The gnoll misses your bat.
An endoplasm comes into view.
Your bat barely misses the gnoll.
Your bat closely misses the gnoll.
Your bat hits the gnoll but does no damage.
A gnoll comes into view. It is wielding a +0 club.
Your crimson imp hits the gnoll.
Your bat closely misses the gnoll.
The gnoll hits your crimson imp but does no damage.
Your crimson imp blinks!
Your bat closely misses the goblin.
Your bat hits the gnoll.
Your bat hits the gnoll but does no damage.
Your bat closely misses the goblin.
The gnoll closely misses your bat.
Your bat hits the goblin. x3
Your bat hits the goblin. The goblin completely misses your bat.
Casting: Summon Small Mammal (safe; 2% risk of failure)
Confirm with . or Enter, or press ? or * to list all spells.
A beastly little devil appears in a puff of flame.
Your bat barely misses the gnoll.
The goblin hits your bat with a +0 club.
Your bat barely misses the gnoll.
The goblin unwields a +0 club.
The goblin wields a +0 hunting sling.
The goblin shoots a sling bullet.
The sling bullet misses your bat. x2; Your bat barely misses the gnoll.
Your bat barely misses the gnoll.
Your crimson imp hits the gnoll.
The gnoll hits your bat with a +0 whip.
Your bat dies!
Your bat's corpse disappears in a puff of smoke!
Your bat hits the endoplasm but does no damage.
Your crimson imp hits the gnoll.
The gnoll hits you from afar with a +0 spear!
Ouch! That really hurt!
You die...

#.#####.........#
#.............# #.#
#.........# #.............#
#.# #.........#
#.............. #.#
#.........# #.............#
#.# #.........#
#....g......<.# #.#
#.........# #...§.g.g††...#
#.#####.........#
#..§§#####.#...
#.#.............###....##..
..
#.#.............@.g5J.......
...
#.######........#########...
.. #............#.... ... .
###########.##.#### ..
...##.# . ######.# #.# #.#


You could see a gnoll (ally target), an endoplasm and a friendly crimson imp
(summoned).

Vanquished Creatures
  An adder (D:2)
  A ball python (D:1)
  An endoplasm (D:1)
  A goblin (D:1)
  2 hobgoblins (D:1)
  2 frilled lizards (D:1)
  A kobold (D:1)
  2 rats
11 creatures vanquished.

Vanquished Creatures (collateral kills)
  A dart slug (D:1)
  3 ball pythons (D:2)
  A bat (D:1)
  4 endoplasms (D:1)
  A giant cockroach (D:2)
  A hobgoblin (D:1)
  A quokka (D:1)
  2 frilled lizards
  3 goblins (D:1)
17 creatures vanquished.

Vanquished Creatures (others)
  A withered plant (D:1)
1 creature vanquished.

Grand Total: 29 creatures vanquished

Notes
Turn   | Place    | Note
-------+----------+-------------------------------------------
     0 | D:1      | Artihs the Felid Summoner began the quest for the Orb.
     0 | D:1      | Reached XP level 1. HP: 7/7 MP: 4/4
   104 | D:1      | Reached XP level 2. HP: 2/11 MP: 3/6
   392 | D:1      | Learned a level 2 spell: Call Imp
  1302 | D:1      | Found a faded altar of an unknown god.
  1315 | D:1      | Prayed at the altar of an unknown god.
  1315 | D:1      | Became a worshipper of the Wu Jian Council
  1315 | D:1      | Reached * piety under Wu Jian
  1706 | D:2      | Reached XP level 3. HP: 9/14 MP: 2/7
  1870 | D:2      | Slain by a gnoll

Illustrated notes

Levels and vault maps discovered:
D:1:      lightli_arrival_noodles, layout_loops_ring,
          ebering_ecumenical_altar_petrified, minmay_misc_feat_pillars
D:2:      layout_basic

Action                   || total
-------------------------++-------
Melee: Unarmed           ||    52
       Punch             ||     2
       Bite              ||     2
 Cast: Summon Small Mamm ||    33
       Call Imp          ||     5
Invok: Lunge             ||     2
 Stab: Sleeping          ||     1
Armor: Skin              ||     6
Dodge: Dodged            ||    39

Table legend: (Time is in decaauts)
 A = Elapsed time spent in this place.
 B = Non-inter-level travel time spent in this place.
 C = Inter-level travel time spent in this place.
 D = Time resting spent in this place.
 E = Time spent auto-exploring this place.
 F = Levels seen in this place.
 G = Mean time per level.
                   A        B        C        D        E       F      G
               +--------+--------+--------+--------+--------+-----+--------+
         Total |   1708 |   1145 |    563 |    877 |      0 |   2 |  854.0 |
       Dungeon |   1708 |   1145 |    563 |    877 |      0 |   2 |  854.0 |
               +--------+--------+--------+--------+--------+-----+--------+

Top non-repeatable levels by time:
     D:1: 1458 daAuts
     D:2: 249 daAuts
